 Dungeon Crawl Stone Soup version 0.20-a0-672-gd6c3c51 (webtiles) character file.

641 retryentry the Chopper (level 7, -8/52 HPs)
             Began as a Demonspawn Fighter on Feb 17, 2017.
             Was an Initiate of Okawaru.
             Mangled by an ogre
             ... wielding a +0 giant club
              (26 damage)
             ... on level 5 of the Dungeon.
             The game lasted 00:07:34 (3447 turns).

retryentry the Chopper (Demonspawn Fighter)         Turns: 3447, Time: 00:07:35

Health: -8/52      AC: 14    Str: 18    XL:     7   Next: 26%
Magic:  7/7        EV:  2    Int:  9    God:    Okawaru [......]
Gold:   241        SH:  9    Dex: 13    Spells: 6/6 levels left

rFire    + . .     SeeInvis .   a - +0 war axe
rCold    + . .     Gourm    .   y - +0 plate armour
rNeg     . . .     Faith    .   c - +0 shield
rPois    .         Spirit   .   (no helmet)
rElec    .         Reflect  .   i - scarf {rC+}
rCorr    .         Harm     .   (no gloves)
MR       .....                  j - +0 pair of boots
Stlth    ..........             (no amulet)
Regen    0.2/turn               (no ring)
MPRegen  0.1/turn               (no ring)

@: no status effects
A: talons 1, slimy green scales 1, fire resistance 1, powered by death 1
a: Renounce Religion


You were on level 5 of the Dungeon.
You worshipped Okawaru.
Okawaru was noncommittal.
You were not hungry.

You visited 2 branches of the dungeon, and saw 6 of its levels.

You collected 241 gold pieces.

Inventory:

Hand Weapons
 a - a +0 war axe (weapon)
 b - a +2 flail of draining
Armour
 c - a +0 shield (worn)
 i - a scarf of cold resistance (worn)
 j - a +0 pair of boots (worn)
 y - a +0 plate armour (worn)
Jewellery
 u - an uncursed ring of ice
 E - an uncursed ring of see invisible {unknown}
Wands
 r - a wand of random effects (4/48)
 s - a wand of enslavement (7/24)
Scrolls
 d - 2 scrolls of fear {unknown}
 e - a scroll of magic mapping {unknown}
 k - a scroll of enchant weapon {unknown}
 l - a scroll of fog {unknown}
 o - a scroll of enchant armour {unknown}
 p - 5 scrolls of teleportation {unknown}
 x - a scroll of amnesia {unknown}
 z - a scroll of noise {unknown}
 C - 2 scrolls of remove curse {unknown}
 F - a scroll of immolation {unknown}
Potions
 m - a potion of brilliance {unknown}
 q - a potion of flight
 t - a potion of degeneration {unknown}
 v - 2 potions of curing
 w - 3 potions of haste
 A - a potion of magic {unknown}
 B - a potion of heal wounds {unknown}
 D - a potion of ambrosia
Comestibles
 f - 3 bread rations
 g - a fruit
 h - a royal jelly
 n - 4 meat rations
 G - 2 chunks of flesh


   Skills:
 - Level 3.0 Fighting
 + Level 7.4 Axes
 - Level 2.6 Armour
 - Level 2.6 Shields


You had 6 spell levels left.
You didn't know any spells.

Dungeon Overview and Level Annotations

Branches:
Dungeon (5/15)             Temple (1/1) D:4

Altars:
Ashenzari
Cheibriados
Dithmenos
Elyvilon
Fedhas
Gozag
Hepliaklqana
Kikubaaqudgha
Makhleb
Nemelex Xobeh
Okawaru
Qazlal
Ru
Sif Muna
Trog
Uskayaw
Vehumet
Xom
Yredelemnul
Zin
The Shining One

Annotations:
D:3 Sigmund


Innate Abilities, Weirdness & Mutations

You have sharp toenails.
You are partially covered in slimy green scales. (AC +2)
Your flesh is heat resistant. (rF+)
You regenerate a little health from kills.


Message History

The ogre resists with significant effort.
This wand has 4 charges left.
Your plate armour prevents you from hitting the ogre.
You block the ogre's attack.
Your shield and plate armour prevent you from hitting the ogre.
The ogre hits you with a giant club!
You hit the ogre.
The ogre is lightly wounded.
The ogre hits you with a giant club.
Your plate armour prevents you from hitting the ogre.
The ogre is lightly wounded.
The ogre hits you but does no damage.
You hit the ogre.
The ogre is moderately wounded.
You hit the ogre.
The ogre is moderately wounded.
The ogre hits you with a giant club!! The ogre hits you with a giant club!!
Ouch! That really hurt!
You die...

#########
#........ #.# #.#
#.# #O# .#######@#
.....[...#
.#######.# .. #.#
. #.. #####.##....
#..# #............
#..###.###.##.##.#
#......# #... ..
#.....####.##.##.#


You could see an ogre.

Vanquished Creatures
  Menkaure (D:4)
  Edmund (D:4)
  2 hounds (D:4)
  A bullfrog skeleton (D:4)
  Jessica (D:2)
  An orc wizard (D:3)
  2 worker ants
  Natasha (thrice) (D:4)
  3 adders
  4 gnolls (D:3)
  An ooze (D:3)
  4 dart slugs
  4 leopard geckos
  4 bats
  4 giant cockroaches
  7 goblins
  4 hobgoblins
  8 jackals
  3 ball pythons
  3 frilled lizards
  A jackal skeleton (D:4)
  5 kobolds
  A quokka skeleton (D:4)
  9 rats
77 creatures vanquished.

Vanquished Creatures (others)
  2 orcs (D:3)
2 creatures vanquished.

Grand Total: 79 creatures vanquished

Notes
Turn   | Place    | Note
-------+----------+-------------------------------------------
     0 | D:1      | retryentry the Demonspawn Fighter began the quest for the Orb.
     0 | D:1      | Reached XP level 1. HP: 18/18 MP: 1/1
     8 | D:1      | Reached skill level 2 in Axes
    55 | D:1      | Gained mutation: You regenerate a little health from kills. [demonic ancestry]
    55 | D:1      | Reached XP level 2. HP: 18/24 MP: 2/2
   305 | D:1      | Reached skill level 3 in Axes
   499 | D:1      | Gained mutation: You have sharp toenails. [demonic ancestry]
   499 | D:1      | Reached XP level 3. HP: 29/29 MP: 3/3
   606 | D:2      | Noticed Jessica
   625 | D:2      | Killed Jessica
   883 | D:2      | Reached skill level 4 in Axes
   883 | D:2      | Gained mutation: You are partially covered in slimy green scales. (AC +2) [demonic ancestry]
   883 | D:2      | Reached XP level 4. HP: 29/35 MP: 4/4
  1371 | D:3      | Found a faded altar of an unknown god.
  1401 | D:3      | Gained mutation: Your flesh is heat resistant. (rF+) [demonic ancestry]
  1401 | D:3      | Reached XP level 5. HP: 33/41 MP: 5/5
  1515 | D:2      | Reached skill level 5 in Axes
  1770 | D:3      | Noticed Sigmund
  2087 | D:4      | Noticed Edmund
  2102 | D:4      | Noticed Natasha
  2102 | D:4      | Killed Edmund
  2102 | D:4      | Reached skill level 6 in Axes
  2102 | D:4      | Reached XP level 6. HP: 19/47 MP: 6/6
  2331 | D:4      | Killed Natasha
  2347 | D:4      | Found a staircase to the Ecumenical Temple.
  2393 | Temple   | Entered the Ecumenical Temple
  2645 | Temple   | Became a worshipper of Warmaster Okawaru
  2734 | D:4      | Noticed Natasha
  2747 | D:4      | Killed Natasha
  3081 | D:4      | Noticed Natasha
  3090 | D:4      | Killed Natasha
  3262 | D:4      | Reached skill level 7 in Axes
  3262 | D:4      | Reached XP level 7. HP: 39/52 MP: 7/7
  3357 | D:4      | Noticed Menkaure
  3364 | D:4      | Killed Menkaure
  3410 | D:5      | Entered Level 5 of the Dungeon
  3447 | D:5      | Mangled by an ogre

Vault maps used:
D:1:      minmay_arrival_five_plusses
D:2:      first_bread, uniq_jessica
D:3:      chequers_ecumenical_altar_simple_redux, uniq_sigmund
D:4:      minmay_temple_entry_statues_fountains, grunt_decor_mini_mirrors,
          uniq_edmund, uniq_natasha, uniq_menkaure
Temple:   roderic_octagonal_lattice_temple

Skill      XL: |  1  2  3  4  5  6 |
---------------+-------------------+-----
Axes           | 2 3 4 6 7 |  7.4
Fighting       | |  3.0
Armour         | |  2.6
Shields        | |  2.6

Action                   |  1- 3 |  4- 6 |  7- 9 || total
-------------------------+-------+-------+-------++-------
Melee: War axe           |   101 |   191 |     9 ||   301
Evoke: Wand              |       |    13 |     4 ||    17
  Use: Potion            |     1 |     1 |       ||     2
       Scroll            |       |     5 |       ||     5
  Eat: Chunk             |       |     5 |     1 ||     6
       Fruit             |       |     3 |       ||     3
Armor: Scale mail        |    61 |    21 |       ||    82
       Plate armour      |       |   147 |     3 ||   150
Dodge: Dodged            |    34 |    37 |       ||    71
Block: Shield            |    55 |    96 |     1 ||   152
